[Event "World U20-ch22"]
[Site "Belfort"]
[Date "1983.08.22"]
[Round "10"]
[White "Barbulescu, Dan"]
[Black "Dlugy, Maxim"]
[Result "1/2-1/2"]
[ECO "B66"]
[WhiteElo "2320"]
[BlackElo "2450"]
[Annotator "Bulletin/Primel,D"]
[PlyCount "80"]
[EventDate "1983.08.12"]
[EventType "swiss"]
[EventRounds "13"]
[EventCountry "FRA"]
[SourceTitle "EXT 2016"]
[Source "ChessBase"]
[SourceDate "2015.10.08"]
[SourceVersion "1"]
[SourceVersionDate "2015.10.08"]
[SourceQuality "1"]
[TimeControl "40/9000:16/5400:0"]

1. e4 {Une partie importante dans la course au podium} c5 2. Nf3 Nc6 3. d4 cxd4
4. Nxd4 Nf6 5. Nc3 d6 6. Bg5 e6 7. Qd2 a6 8. O-O-O h6 (8... Bd7 9. f4 (9. f3))
9. Bf4 Bd7 10. Nxc6 Bxc6 11. Qe1 Qa5 12. Bc4 Be7 13. Nd5 $146 (13. Bb3 O-O-O {
Shamkovich,L (2460)-Dlugy,M (2455) New York Kavkasian 1983 1/2}) 13... Qxe1 14.
Rhxe1 Bxd5 (14... exd5 $2 15. exd5 Bd7 16. Bxd6) 15. exd5 b5 16. Be2 (16. Bb3
$5 e5 (16... a5 17. dxe6 a4 18. exf7+ Kf8 19. Rxe7 $1 Kxe7 20. Bxd6+) 17. Bg3)
16... e5 17. Be3 Nd7 18. f4 Bf6 $6 (18... O-O $142 19. Kb1 Rac8 $132 ) 19. Bg4 (19. Bd2 $5 O-O 20. Bg4)
19... Kd8 $5 20. Bd2 {[%cal Gd2a5] La paire de B commence à s'activer} exf4 $1 21. Bxd7 $6 {Evite Ne5 mais après l'échange le Kd7 sera bien
placé au centre} (21. Ba5+ $142 Kc8 22. c4 $5 bxc4 23. Re4 $36 ) 21... Kxd7 22. Bxf4 Rae8 23. c3 Be5 24. Rf1 f5 25. h4 Rhf8 26. h5
Bf6 27. Rde1 (27. Kc2) 27... Be5 28. g3 Re7 29. Kd2 a5 (29... Rfe8 ) 30. Kd3 Rfe8 31. b3 Kc7 32. Rf3 (32. Bd2 $5 Bxg3 33. Rxe7+ Rxe7 34.
Rxf5 $14 ) 32... Bxf4 33. Rxe7+ Rxe7 34. gxf4 Kb6 35. b4
axb4 36. cxb4 Ra7 $11 37. Rf2 Ra3+ 38. Kd4 Ra4 39. Kc3 Ra3+
40. Kd4 Ra4 {Les deux adversaires renoncent à l'ajournement} 1/2-1/2

[Event "Belgrade RAD 30"]
[Site "Belgrade"]
[Date "1977.01.20"]
[Round "5.2"]
[White "Suetin, Alexey S"]
[Black "Radulov, Ivan"]
[Result "1-0"]
[ECO "B66"]
[WhiteElo "2525"]
[BlackElo "2500"]
[Annotator "Primel,D"]
[PlyCount "93"]
[EventDate "1977.01.15"]
[EventType "tourn"]
[EventRounds "13"]
[EventCountry "SRB"]
[EventCategory "9"]
[SourceTitle "EXT 2018"]
[Source "ChessBase"]
[SourceDate "2017.10.13"]
[SourceVersion "1"]
[SourceVersionDate "2017.10.13"]
[SourceQuality "1"]
[TimeControl "40/9000:16/5400:0"]

1. e4 c5 2. Nf3 Nc6 3. d4 cxd4 4. Nxd4 Nf6 5. Nc3 d6 6. Bg5 e6 7. Qd2 a6 8.
O-O-O h6 (8... Bd7 9. f4 (9. f3)) 9. Be3 Bd7 10. f4 (10. f3) 10... b5 (10...
Be7 {L'alternative} 11. Kb1 b5 12. Bd3 O-O) 11. Bd3 Be7 12. h3 (12. Kb1) 12...
Qc7 (12... Nxd4 13. Bxd4 Bc6 (13... b4 14. Ne2 e5) 14. Rhe1 O-O 15. a3 Qb8 16.
e5 dxe5 17. Bxe5 Qb7 18. g4 Nd7 19. Ne4 Nxe5 20. fxe5 Bxe4 21. Bxe4 Qb6 22. Qd4
Bc5 23. Qd7 Rac8 24. Qb7 Qa5 25. Bd3 b4 26. Qxa6 Qc7 27. a4 Ra8 28. Qc4 Rxa4
29. b3 Ra5 30. h4 Rc8 31. Kd2 Qd8 32. Qe4 Qxh4 33. Rf1 Qg5+ 34. Qf4 Bd4 35.
Qxg5 hxg5 36. Ke2 Rxe5+ 37. Kf3 Re3+ 38. Kg2 Bc3 39. Rf3 Rxf3 40. Kxf3 g6 41.
Bc4 Rc7 42. Rd6 {Torre,E (2505)-Tseshkovsky,V (2550) Manila 1976 0-1}) 13. Bxb5
$5 {Une tentative d'amélioration sur une partie jouée par AVERBAKH mais la
défaite des Blancs est peut-être la raison pour laquelle le sacrifice n'a
pas été rejouée} (13. Kb1 Na5 ) 13... axb5 14. Ndxb5 Qb8
15. Nxd6+ Bxd6 $5 $146 {Le bulgare choisit de rentrer en finale. Tant que la
majorité de l'aile-dame n'est pas trop avancée, la pièce sera supérieure
mais les deux camps jouent pour le gain.} (15... Kf8 16. g4 Na5 17. e5 Ne8 18.
Nce4 Bc6 19. Bc5 Nb7 20. Bb4 Rxa2 21. Qc3 Nbxd6 22. exd6 Nxd6 23. Bxd6 Bxd6 24.
Nxd6 Ra1+ 25. Kd2 Qxd6+ {0-1 (25) Averbakh,Y-Simagin,V Moscow 1966}) 16. Qxd6
Qxd6 17. Rxd6 Ne7 (17... Ke7 18. e5 Rhd8 19. Rxc6 Bxc6 20. exf6+) 18. Re1 Kd8
$5 {Le K peut-être utile à l'aile-dame pour lutter contre la majorité} 19.
Red1 Kc7 20. Bb6+ $1 {Un coup intermédiaire trés fort qui empêche les R
Noires d'être liées} (20. e5 Nfd5) 20... Kc8 21. R1d4 $36 Bc6
22. Bd8 $1 $40 Ne8 23. Bxe7 Nxd6 24. Bxd6 f5 25. exf5 exf5 26. g3 Rd8 27. b4 $1
{La majorité est en marche mais la pièce reste encore supérieure aux P} Ra7
28. Be5 $1 {Après l'échange d'une R, le potentiel dynamique des Noirs est
réduit} Rxd4 29. Bxd4 $16 Rd7 30. Be5 g5 31. a4 $1 $36 Bg2
32. h4 gxh4 33. gxh4 Kb7 34. Nb5 Be4 35. a5 Rd8 36. Nd4 Rg8 37. b5 (37. Kb2)
37... Rg4 $2 {Trop lent} (37... Ra8 $142 38. a6+ Kb6 {Et le gain Blanc sera
plus difficile à convertir}) 38. c4 Rxh4 39. c5 Rh1+ 40. Kd2 Rb1 41. c6+ Ka8
42. a6 Rg1 43. b6 Rg8 44. Kc3 h5 45. Kb4 h4 46. b7+ Ka7 47. Ka5 1-0

[Event "Belgrade RAD 30"]
[Site "Belgrade"]
[Date "1977.01.17"]
[Round "3.5"]
[White "Ostojic, Predrag"]
[Black "Weinstein, Norman"]
[Result "1/2-1/2"]
[ECO "B66"]
[WhiteElo "2480"]
[BlackElo "2475"]
[Annotator "Primel,D"]
[PlyCount "106"]
[EventDate "1977.01.15"]
[EventType "tourn"]
[EventRounds "13"]
[EventCountry "SRB"]
[EventCategory "9"]
[SourceTitle "EXT 2018"]
[Source "ChessBase"]
[SourceDate "2017.10.13"]
[SourceVersion "1"]
[SourceVersionDate "2017.10.13"]
[SourceQuality "1"]
[TimeControl "40/9000:16/5400:0"]

1. e4 c5 2. Nf3 Nc6 3. d4 cxd4 4. Nxd4 Nf6 5. Nc3 d6 6. Bg5 e6 7. Qd2 a6 (7...
Be7 8. O-O-O O-O 9. f4) 8. O-O-O h6 (8... Bd7 {L'alternative} 9. f4 (9. f3)) 9.
Be3 (9. Bf4) (9. Nxc6) 9... Bd7 (9... Be7 10. f3) 10. f3 b5 11. Nxc6 ({RR} 11.
Kb1 Ne5 ({RR} 11... b4 12. Nxc6 ({RR} 12. Nce2 Ne5 13. Qxb4 Rb8 ({RR} 13... d5
14. Qe1 dxe4 15. Nc3 Bb4 16. Nb3)) 12... Bxc6 ({RR} 12... bxc3 13. Nxd8 cxd2
14. Nb7) 13. Ne2 e5 14. Qxb4 d5 15. Qc3) 12. Bd3 Rc8) 11... Bxc6 12. Ne2 (12.
Kb1) 12... Qc7 13. Nd4 Bb7 14. Kb1 $146 {Une nouveauté théorique selon les
bases mais c'est un coup thématique} (14. Bd3 e5 {Minic,D (2470)-Diesen,M 
(2360) Karlovac 1977 (2) 1/2}) 14... Be7 15. h4 Nd7 (15... Rc8 16. Bd3 h5 $5 $13 ) 16. Bxb5 $5 {Les Blancs
semblent avoir des bonnes compensations mais aucune partie n'a repris ensuite
l'idée} (16. g4 Rc8 {Oparin,G (2496)-Eliseev,U (2541) Moscow-ch 2013 (9) 1/2})
16... axb5 17. Nxb5 Qc4 18. Nxd6+ Bxd6 19. b3 $8 (19. Qxd6
$2 Qxa2+ 20. Kc1 Qa1+ 21. Kd2 Qxb2) 19... Qa6 20. Qxd6 Qxa2+ 21. Kc1 Qa3+ {
[%cal Ga3d6,Ga3c1] Un coup naturel pour échanger les Q mais curieusement, les
Blancs ont encore des compensations raisonnables.} 22. Qxa3 Rxa3 23. Kb2 Ra8
24. Rd6 Ke7 25. Rhd1 $44 Rhd8 26. c4 {[%csl Gc4] Pour l'instant, la majorité
Blanche n'est pas trop dangereuse mais les Noirs doivent jouer avec précision}
Rac8 27. Kc3 Ne5 28. Rxd8 Rxd8 29. Bc5+ $1 {Un important coup intermédiaire
et après l'échange des R, la finale semble un peu meilleure pour les Blancs
qui vont pousser la majorité de l'aile-dame dans des bonnes conditions} Ke8
30. Rxd8+ Kxd8 31. Bf8 g5 32. Bxh6 gxh4 33. Bg5+ Kd7 34. Bxh4 f5 35. exf5 exf5
36. Bg3 Ng6 37. b4 (37. Kd4 $5) 37... f4 38. Bf2 Kd6 39. b5 Ne7 40. Kb4 Nf5 41.
c5+ Kc7 42. Kc3 (42. c6 {regagne la pièce mais les Noirs ont des bonnes
chances de nulle} Bxc6 43. bxc6 Kxc6 44. Kc4 Kd6 45. Kd3 Kd5) 42... Kd7 43. Kc4
Kc7 44. Kd3 Bd5 45. Be1 Kd7 46. Bd2 Nh4 $36 47. c6+ Kd6 48. Bxf4+
Kc5 49. c7 Bb7 50. Bg3 Nxg2 51. Ke2 Kb6 52. Kf2 Nh4 53. Bxh4 Kxc7 1/2-1/2

[Event "Rohde op 09th"]
[Site "Sautron"]
[Date "2009.10.25"]
[Round "2"]
[White "Cabrera Pino, Alexis"]
[Black "Lagarde, Maxime"]
[Result "1-0"]
[ECO "B66"]
[WhiteElo "2529"]
[BlackElo "2398"]
[Annotator "RR"]
[PlyCount "61"]
[EventDate "2009.10.24"]
[EventType "swiss"]
[EventRounds "9"]
[EventCountry "FRA"]
[SourceTitle "EXT 2010"]
[Source "ChessBase"]
[SourceDate "2010.11.25"]
[SourceVersion "1"]
[SourceVersionDate "2010.11.25"]
[SourceQuality "1"]
[TimeControl "40/6000+30:1800+30"]

1. e4 c5 2. Nf3 d6 3. d4 cxd4 4. Nxd4 Nf6 5. Nc3 Nc6 6. Bg5 e6 7. Qd2 a6 8.
O-O-O Nxd4 {Moins populaire que les alternatives Bd7 et h6} (8... Bd7) (8... h6
) 9. Qxd4 Be7 10. f4 O-O 11. Be2 (11. Kb1 Qa5 12. Be2 Rd8 13. e5 dxe5 14. Qxe5
$14 {[%cal Ge5a5];Howell,J (2520)-Umesh,S (2235) Isle of Lewis op 1995 1-0})
11... b5 12. Bf3 {[%cal Gf3a8,Ge4e5] 01H41 Tout était joué а tempo par le GMI}
({RR} 12. Bxf6 Bxf6 13. e5 dxe5 14. Qe4 Qb6 15. Bd3 g6 16. fxe5 Bg7 17. Qf4 Qc7
18. Rde1 Bb7 19. Re2 Qa5 20. a3 Rab8 21. h4 Bc6 22. Na2 Qc7 23. h5 Rfd8 24. Kb1
a5 25. hxg6 hxg6 26. Qh4 Be8 {Swiercz,D (2478)-Lagarde,M (2332)/Vung Tau 2008/
EXT 2009/1-0 (38)}) 12... Rb8 (12... Bb7 13. e5 Bxf3 14. exf6 gxf6 $13 {
Shirov,A (2726)-Mamedyarov,S (2731) Bundesliga 0809 2008 (13.1) 1/2}) 13. Bxf6
{01h20} (13. e5) 13... gxf6 14. f5 $1 $146 ({RR} 14. g4 Qb6 15.
Qd2 b4 16. Ne2 a5 17. h4 Bb7 18. Rh3 Rfc8 19. Kb1 a4 20. Nc1 Rc4 21. g5 Rbc8
22. gxf6 Bxf6 23. Rg3+ Kf8 24. e5 Bxf3 25. Rxf3 Rxc2 26. Qe1 Qc6 27. Rf1 Be7
28. Nd3 a3 {O'Donnell,T (2357)-Tyomkin,D (2461)/Internet 2001/EXT 2003/0-1 (31)
}) 14... Bd7 15. Kb1 {01h18} Qc7 16. Qd2 Rfc8 17. Ne2 Bf8 (17... b4 18. g4 a5 19. Rhg1 a4 $132) 18. g4 {
01h08} (18. Ng3) (18. Nf4) 18... Qc5 19. Rhg1 Qe5 $6
20. Nc1 {[%cal Gc1d3,Gd3e5] 36mns} (20. g5 $5 ) 20... b4 (
20... Kh8 21. Nd3 $40) (20... Be7 ) 21. Nd3 Qd4 22.
g5 Bg7 $2 (22... Kh8) 23. Rg4 $18 fxg5 24. e5 Qxg4 25. Bxg4 exf5 26. Bh5 h6 27.
exd6 Ba4 28. b3 Bc6 29. Nxb4 Be4 30. d7 Rd8 31. Qd6 1-0